 Dungeon Crawl Stone Soup version 0.31-a0-108-gdf935468f2 (webtiles) character file.

Game seed: 11029697314602618577

143173 Pooter the Executioner (level 16, 0/223 HPs)
             Began as a Minotaur Berserker on May 26, 2023.
             Was a High Priest of Trog.
             Slain by a naga
             ... wielding a +0 trident
              (8 damage)
             ... on level 4 of the Snake Pit on May 27, 2023.
             The game lasted 02:17:09 (42472 turns).

Pooter the Executioner (Minotaur Berserker)        Turns: 42472, Time: 02:17:09

Health: 0/223      AC: 25    Str: 28    XL:     16   Next: 82%
Magic:  24/24      EV:  8    Int: 11    God:    Trog [*****.]
Gold:   429        SH:  0    Dex: 12    Spells: 15/15 levels left

rFire   + + .        a - +9 battleaxe of Nuwy {freeze, Will+ MP+9}
rCold   . . .        (shield currently unavailable)
rNeg    + . .        K - +2 plate armour "Jaoluug" {rF+ Regen+ Int+7}
rPois   +            Y - +2 hat
rElec   .            s - +0 cloak
rCorr   .            i - -1 pair of gloves of the Yeti {rF+ rN+ Slay+3 Stlth-}
SInv    .            q - +2 pair of boots {Fly}
Will    ++...        (no amulet) Stlth
                     V - ring of Sotwi {rPois Slay+2}
HPRegen 1.37/turn    A - +4 ring of slaying
MPRegen 0.19/turn

%: no passive effects
@: berserking, flying, constricted, very quick
A: horns 2, retaliatory headbutt
a: Renounce Religion, Berserk, Trog's Hand, Brothers in Arms


You were on level 4 of the Snake Pit.
You worshipped Trog.
Trog was extremely pleased with you.
You visited 3 branches of the dungeon, and saw 24 of its levels.
You also visited: Ossuary, Bailey and Volcano.

You collected 2075 gold pieces.
You spent 1646 gold pieces at shops.

Inventory:

Hand Weapons
 a - the +9 battleaxe of Nuwy (weapon) {freeze, Will+ MP+9}
   (You bought it in a shop on level 7 of the Dungeon)

   MP:        It affects your magic capacity (+9).
   Will:      It increases your willpower.
 b - a +9 arbalest of draining
   (You bought it in a shop on level 8 of the Dungeon)
 u - a +4 executioner's axe of flaming
   (Trog gifted it to you on level 11 of the Dungeon)
Missiles
 h - 39 poisoned darts
 L - 22 boomerangs (quivered)
 P - 9 curare-tipped darts
 Q - 162 stones
 T - a throwing net {!f}
Armour
 i - the -1 pair of gloves of the Yeti (worn) {rF+ rN+ Slay+3 Stlth-}
   (You bought it in a shop on level 3 of the Snake Pit)

   Slay:      It affects your accuracy & damage with ranged weapons and melee
   (+3).
   rF:        It protects you from fire.
   rN:        It protects you from negative energy.
   Stlth:     It makes you less stealthy.
 q - a +2 pair of boots of flying (worn)
   (You bought it in a shop on level 3 of the Snake Pit)
 s - a +0 cloak (worn)
   (You found it on level 14 of the Dungeon)
 K - the +2 plate armour "Jaoluug" (worn) {rF+ Regen+ Int+7}
   (You found it on level 3 of the Lair of Beasts)

   Int:       It affects your intelligence (+7).
   rF:        It protects you from fire.
   Regen:     It increases your rate of health regeneration.
 Y - a +2 hat (worn)
   (You found it on level 6 of the Dungeon)
Jewellery
 e - a +5 ring of evasion
   (You found it on level 1 of the Dungeon)
 r - a ring of willpower
   (You found it on level 4 of the Snake Pit)
 A - a +4 ring of slaying (right hand)
   (You found it on level 4 of the Dungeon)
 I - a ring of protection from cold
   (You found it on level 15 of the Dungeon)
 N - a ring of positive energy
   (You found it on level 8 of the Dungeon)
 R - a +4 ring of protection
   (You found it on level 5 of the Lair of Beasts)
 V - the ring of Sotwi (left hand) {rPois Slay+2}
   (You found it on level 5 of the Lair of Beasts)

   [ring of poison resistance]

   Slay:      It affects your accuracy & damage with ranged weapons and melee
   (+2).
   rPois:     It protects you from poison.
 Z - a ring of willpower
   (You found it on level 15 of the Dungeon)
Wands
 d - a wand of iceblast (14)
   (You found it on level 4 of the Dungeon)
 f - a wand of flame (37)
   (You found it on level 9 of the Dungeon)
 p - a wand of mindburst (23)
   (You took it off Ijyb on level 3 of the Dungeon)
 D - a wand of digging (9)
   (You found it on level 8 of the Dungeon)
 F - a wand of quicksilver (6)
   (You found it on level 7 of the Dungeon)
 U - a wand of polymorph (4)
   (You took it off a naga on level 2 of the Snake Pit)
 W - a wand of charming (13)
   (You found it on level 5 of the Lair of Beasts)
Scrolls
 g - a scroll of summoning
 m - 3 scrolls of immolation {!r}
 o - 4 scrolls of poison {!r}
 t - 9 scrolls of teleportation {@r4}
 z - 4 scrolls of silence
 C - 5 scrolls of fog
 E - a scroll of blinking
 G - 3 scrolls of enchant armour
 J - 3 scrolls of fear
 O - a scroll of magic mapping
Potions
 c - a potion of resistance
 j - 5 potions of lignification {!q}
 k - 7 potions of haste {@q3}
 l - 6 potions of attraction {!q}
 n - 5 potions of enlightenment
 v - 4 potions of might
 w - 4 potions of mutation {!q}
 x - 9 potions of heal wounds {@q2}
 B - 18 potions of curing {@q1}
 H - 2 potions of invisibility
 M - 2 potions of cancellation


   Skills:
 + Level 15.0 Fighting
 * Level 21.1(21.2) Axes
 - Level 3.3(14.3) Maces & Flails
 - Level 18.0 Ranged Weapons
 * Level 12.7 Armour
 + Level 8.7 Dodging
 + Level 7.8 Stealth
 + Level 6.5 Evocations


You had 15 spell levels left.
You didn't know any spells.
Your spell library was empty.

Dungeon Overview and Level Annotations

Branches:
Dungeon (15/15)            Temple (0/1) D:6            Lair (5/5) D:8
 Shoals (0/4) Lair:2        Snake (4/4) Lair:3        Slime (0/5) Lair:4
    Orc (0/2) D:11         Vaults (0/5) D:13         Depths (0/4) D:15
Ossuary (visited)          Bailey (visited)         Volcano (visited)

Altars:
Gozag
Kikubaaqudgha
Sif Muna
Trog
Vehumet
Zin
The Shining One
Jiyva

Shops:
D:1 (   D:7 [[((   D:8 (   Snake:3 (*[!?

Annotations:
Lair:5 exclusion: obsidian statue
Snake:2 2 transporters


Innate Abilities, Weirdness & Mutations

You have a pair of horns on your head.
You reflexively headbutt those who attack you in melee.


Message History

Trog accepts your kill.
You slash the naga! You freeze the naga. You slice the naga mage!!
You freeze the naga mage.
You kill the naga mage!
Trog accepts your kill.
Trog appreciates your killing of a magic user.
You slice the naga!! You freeze the naga.
You kill the naga!
Trog accepts your kill.
You slice the naga warrior!! You freeze the naga warrior.
The naga closely misses you. The naga grabs you. The naga constricts you.
You miss the guardian serpent. You headbutt the guardian serpent!!
You cut the naga warrior into ribbons!!!
You freeze the naga warrior.
You feel the power of Trog in you as your rage grows.
You kill the naga warrior!
Trog accepts your kill.
You hit the naga. You freeze the naga.
You kill the naga!
Trog accepts your kill. The naga spits poison at you.
The splash of poison hits you but does no damage.
You resist. The guardian serpent misses you. You furiously retaliate!
You headbutt the guardian serpent! You slash the guardian serpent!
You freeze the guardian serpent.
You kill the guardian serpent!
Trog accepts your kill.
Trog appreciates your killing of a magic user.
The naga warrior hits you from afar with a +0 trident!!
* * * LOW HITPOINT WARNING * * *
The naga warrior hits you with a +0 trident!
* * * LOW HITPOINT WARNING * * *
The naga warrior grabs you. The naga warrior constricts you.
* * * LOW HITPOINT WARNING * * *
Things that are here:
a +0 war axe; a +2 robe of the Archmagi The naga warrior blocks your attack.
You closely miss the naga.
The naga hits you from afar with a +0 trident!!
* * * LOW HITPOINT WARNING * * *
You slash the naga warrior! You freeze the naga warrior.
You barely miss the naga. The naga warrior spits poison at you.
The splash of poison hits you.
* * * LOW HITPOINT WARNING * * *
The naga warrior constricts you.
* * * LOW HITPOINT WARNING * * *
The naga warrior blocks your attack.
You hit the naga. The naga closely misses you.
The naga hits you from afar with a +0 trident!
You die...

#......)........##............##
###..............................
#..........................####..
......#######.............##..#).
..........................#...'..
..........................#...##.
.........#######)#######..##...#.
........<#.#..##.)##...#...'..##.
........##.....N@)N....#...#..#..
........#.......N.N....##..####..
##......##............?.#.....)..
.#......#...............#........
.#......#####.#.#.##...##........
.#..........############......)..
.+...........................).#.
.#.................#.........####
.#..##'##.........##..........##.


You could see a naga warrior (strong, curare, catching breath, reflecting) and 3
nagas.

Vanquished Creatures
  Mlioglotl (Snake:4)
  Frances (D:13)
  An orc warlord (Bailey)
  Nessos (Lair:5)
  3 dire elephants
  A fire dragon (Volcano)
  5 hydras
  3 salamander tyrants
  2 ogre magi
  A catoblepas (Lair:5)
  10 two-headed ogres
  7 centaur warriors
  2 death yaks (Lair:5)
  8 anacondas
  3 boulder beetles
  13 naga warriors
  A spectral dire elephant (Lair:5)
  6 naga sharpshooters
  4 shock serpents
  5 sun demons (Volcano)
  2 skysharks (Lair:5)
  A spectral death yak (Lair:5)
  4 skeletal warriors
  2 salamander mystics (Snake:3)
  A spectral anaconda (Lair:5)
  A lindwurm (Lair:3)
  5 naga ritualists
  A wizard (D:15)
  A deep elf archer (D:13)
  4 necromancers (Lair:5)
  6 deep elf pyromancers
  13 mana vipers
  A deep elf zephyrmancer (D:13)
  5 ugly things (D:15)
  A wolf spider (D:15)
  2 cyclopes
  11 salamanders
  33 black mambas
  A dire elephant zombie (Lair:5)
  12 elephants
  6 manticores
  A merfolk siren (Lair:2)
  14 naga magi
  3 guardian serpents
  2 molten gargoyles (Lair:3)
  A torpor snail (Lair:5)
  12 cane toads
  3 smoke demons (Volcano)
  3 centaur skeletons (D:13)
  An unseen horror (shapeshifter) (D:13)
  2 unseen horrors (D:11)
  2 rime drakes
  5 yaktaurs
  9 komodo dragons
  2 efreet
  A freezing wraith (D:14)
  2 polar bears (Lair:2)
  A hornet (shapeshifter) (D:15)
  5 trolls
  A wolf spider simulacrum (D:14)
  13 blink frogs
  10 slime creatures
  A shadow (D:7)
  5 wraiths
  36 yaks
  4 wyverns
  A human (shapeshifter) (D:14)
  2 basilisks
  7 vampire mosquitoes
  5 steam dragons
  31 nagas
  6 acid dragons
  9 water moccasins
  An elephant zombie (Lair:5)
  5 hell hounds (Volcano)
  3 sky beasts
  A black bear (D:5)
  8 orc warriors
  A black bear (shapeshifter) (D:14)
  3 ice beasts
  12 wolves
  4 ogres
  An elephant skeleton (Lair:5)
  A phantom (D:6)
  3 centaurs
  An elf zombie (Ossuary)
  13 bullfrogs
  A gnoll sergeant (D:11)
  2 kobold brigands
  4 scorpions
  9 wights
  2 elephant simulacra (Lair:5)
  3 vampire bats (Lair:3)
  A howler monkey (D:10)
  4 electric eels
  2 centaur zombies (Ossuary)
  8 lava snakes
  A jelly (D:5)
  3 orc priests
  A human zombie (Ossuary)
  A gnoll bouda (D:7)
  8 hounds
  7 iguanas
  A sleepcap (D:6)
  Jessica (D:3)
  Ijyb (D:3)
  7 orc wizards
  A statue (D:12)
  2 mummies (Ossuary)
  8 gnolls
  8 adders
  A white imp (D:6)
  2 adder zombies (Ossuary)
  A worm (D:2)
  2 dart slugs
  25 orcs
  4 ball pythons
  15 bats
  9 endoplasms
  14 goblins
  6 hobgoblins
  6 jackals
  6 quokkas
  3 frilled lizards
  A goblin zombie (Ossuary)
  11 hobgoblin zombies (Ossuary)
  2 jackal zombies (Ossuary)
  25 kobolds
  12 kobold zombies (Ossuary)
  2 orc zombies (Ossuary)
  5 rats
  2 rat zombies (Ossuary)
688 creatures vanquished.

Vanquished Creatures (collateral kills)
  A hell hound (Volcano)
1 creature vanquished.

Vanquished Creatures (others)
  A two-headed ogre (D:15)
  A centaur skeleton (D:13)
2 creatures vanquished.

Grand Total: 691 creatures vanquished

Notes
Turn   | Place    | Note
-------+----------+-------------------------------------------
     0 | D:1      | Pooter the Minotaur Berserker began the quest for the Orb.
     0 | D:1      | Reached XP level 1. HP: 19/19 MP: 0/0
     8 | D:1      | Found Ecaodobadd's Weapon Emporium.
   122 | D:1      | Reached XP level 2. HP: 27/27 MP: 1/1
   135 | D:1      | Reached skill level 4 in Axes
   268 | D:1      | Reached skill level 1 in Stealth
   329 | D:1      | Reached ** piety under Trog
   663 | D:2      | Reached XP level 3. HP: 33/33 MP: 2/2
   697 | D:2      | Found an opulent altar of Gozag.
  1339 | D:2      | Reached XP level 4. HP: 40/40 MP: 3/3
  1631 | D:3      | Noticed Ijyb
  1637 | D:3      | Killed Ijyb
  1638 | D:3      | Reached skill level 5 in Axes
  1752 | D:3      | Identified the +2 robe of Responsibility {Contam rN+ Dex+3}
  1940 | D:3      | Reached XP level 5. HP: 47/47 MP: 4/4
  2130 | D:3      | Noticed Jessica
  2132 | D:3      | Killed Jessica
  2133 | D:3      | Reached skill level 1 in Maces & Flails
  2409 | D:4      | Found a shimmering blue altar of Sif Muna.
  2553 | D:4      | Found a sand-covered staircase.
  2562 | Ossuary  | Entered an ossuary
  2598 | Ossuary  | Reached *** piety under Trog
  2661 | Ossuary  | Reached XP level 6. HP: 52/55 MP: 5/5
  2664 | Ossuary  | Reached skill level 5 in Fighting
  3276 | D:4      | Reached skill level 1 in Ranged Weapons
  3482 | D:4      | Found an ancient bone altar of Kikubaaqudgha.
  3619 | D:5      | Entered Level 5 of the Dungeon
  3622 | D:5      | Reached XP level 7. HP: 61/61 MP: 6/6
  3756 | D:5      | Found a glowing golden altar of the Shining One.
  3967 | D:5      | Reached skill level 6 in Axes
  4254 | D:6      | Found a staircase to the Ecumenical Temple.
  4265 | D:6      | Reached skill level 7 in Axes
  4265 | D:6      | Reached XP level 8. HP: 65/70 MP: 7/7
  4658 | D:6      | Reached **** piety under Trog
  4702 | D:6      | Reached skill level 5 in Ranged Weapons
  4823 | D:6      | Reached skill level 8 in Axes
  5262 | D:7      | Reached skill level 9 in Axes
  5262 | D:7      | Reached XP level 9. HP: 79/79 MP: 8/8
  5355 | D:7      | Found Nisix's Antique Weapon Shop.
  5358 | D:7      | Found Igenuuba's Weapon Shop.
  5362 | D:7      | Found Jele's Antique Armour Shop.
  5363 | D:7      | Found Hicakhleo's Armour Shop.
  5392 | D:7      | Bought a crystal battleaxe for 253 gold pieces
  5392 | D:7      | Identified the +9 battleaxe of Nuwy {freeze, Will+ MP+9}
                  | (You bought it in a shop on level 7 of the Dungeon)
  6149 | D:7      | Noticed a manticore
  6152 | D:7      | Killed a manticore
  6153 | D:7      | Reached skill level 10 in Axes
  6234 | D:7      | Noticed a two-headed ogre
  6241 | D:7      | Killed a two-headed ogre
  6392 | D:7      | Reached XP level 10. HP: 90/90 MP: 9/9
  6494 | D:8      | Found a staircase to the Lair.
  6516 | D:8      | Reached skill level 11 in Axes
  7171 | D:8      | Found Beuk's Weapon Shop.
  7174 | D:8      | Bought a +0 arbalest for 54 gold pieces
  7952 | D:9      | Identified a scroll of acquirement
  7952 | D:9      | Acquired a manual of Ranged Weapons
  8196 | D:9      | Reached skill level 10 in Ranged Weapons
  8200 | D:9      | Reached skill level 12 in Axes
  8578 | D:9      | Found a bloodstained altar of Trog.
  8858 | D:9      | Noticed a two-headed ogre
  8866 | D:9      | Killed a two-headed ogre
  8988 | D:10     | Entered Level 10 of the Dungeon
  9014 | D:10     | Found a glowing silver altar of Zin.
  9040 | D:10     | Found a flagged portal.
  9054 | D:10     | Reached XP level 11. HP: 90/99 MP: 10/10
  9073 | Bailey   | Entered a bailey
  9128 | Bailey   | Reached ***** piety under Trog
  9217 | Bailey   | Noticed an orc warlord
  9335 | Bailey   | Found a runed translucent gate.
  9338 | Bailey   | Found a runed translucent gate.
  9340 | Bailey   | Found a runed translucent gate.
  9448 | Bailey   | Killed an orc warlord
  9449 | Bailey   | Reached skill level 10 in Fighting
  9449 | Bailey   | Reached skill level 13 in Axes
  9503 | Bailey   | Reached skill level 14 in Axes
  9503 | Bailey   | Reached skill level 15 in Ranged Weapons
  9503 | Bailey   | Reached XP level 12. HP: 106/106 MP: 11/11
  9513 | Bailey   | Identified the +3 mace of the World {elec, Int+3}
  9836 | D:10     | Noticed a two-headed ogre
  9839 | D:10     | Killed a two-headed ogre
  9840 | D:10     | Reached skill level 15 in Axes
 10219 | Lair:1   | Entered Level 1 of the Lair of Beasts
 10355 | Lair:1   | Identified the +7 short sword "Arbiter" {heavy, rC- Dex+6}
 11400 | Lair:2   | Found a staircase to the Shoals.
 11572 | Lair:2   | Noticed an eight-headed hydra
 11577 | Lair:2   | Killed an 11-headed hydra
 11823 | Lair:2   | Reached skill level 16 in Axes
 12195 | Lair:2   | Noticed an eight-headed hydra
 12199 | Lair:2   | Killed an eight-headed hydra
 12555 | Lair:3   | Found a staircase to the Snake Pit.
 12727 | Lair:3   | Reached XP level 13. HP: 97/116 MP: 11/12
 12734 | Lair:3   | Found a dark tunnel.
 12759 | Volcano  | Entered a volcano
 13151 | Volcano  | Reached skill level 17 in Axes
 13410 | Volcano  | Noticed a fire dragon
 13419 | Volcano  | Killed a fire dragon
 14265 | Lair:3   | Identified the +2 plate armour "Jaoluug" {rF+ Regen+ Int+7}
 14788 | Lair:4   | Found a staircase to the Slime Pits.
 14789 | Lair:4   | Found a viscous altar of Jiyva.
 15397 | Lair:5   | Entered Level 5 of the Lair of Beasts
 15483 | Lair:5   | Reached skill level 1 in Evocations
 15704 | Lair:5   | Noticed Nessos
 15715 | Lair:5   | Killed Nessos
 15894 | Lair:5   | Reached skill level 18 in Axes
 15908 | Lair:5   | Received a gift from Trog
 15969 | Lair:5   | Reached XP level 14. HP: 127/127 MP: 12/13
 16113 | Lair:5   | Reached skill level 5 in Armour
 17512 | Lair:5   | Identified the ring of Sotwi {rPois Slay+2}
 17695 | Lair:5   | Reached skill level 5 in Stealth
 18919 | D:11     | Received a gift from Trog
 19399 | D:11     | Found a staircase to the Orcish Mines.
 20332 | D:11     | Reached skill level 5 in Dodging
 20766 | D:12     | Reached skill level 19 in Axes
 21003 | D:12     | Received a gift from Trog
 21195 | D:12     | Found a radiant altar of Vehumet.
 23095 | D:13     | Noticed Frances
 23110 | D:13     | Killed Frances
 23308 | D:13     | Reached XP level 15. HP: 32/136 MP: 13/14
 25385 | D:13     | You fall into a shaft and drop 2 floors!
 25385 | D:15     | Entered Level 15 of the Dungeon
 26281 | D:13     | Found a gate to the Vaults.
 27793 | D:15     | Identified the +3 leather armour of Bitterness {rCorr}
 27901 | D:15     | Found a staircase to the Depths.
 27947 | D:15     | Reached skill level 10 in Armour
 28596 | Snake:1  | Entered Level 1 of the Snake Pit
 29295 | Snake:1  | Reached skill level 5 in Evocations
 30840 | Snake:2  | Reached skill level 20 in Axes
 32324 | Snake:2  | Reached XP level 16. HP: 136/147 MP: 14/15
 32806 | Snake:2  | Received a gift from Trog
 32893 | Snake:2  | Found a transporter.
 32906 | Snake:2  | Noticed a profane servitor
 34520 | Snake:2  | Found a transporter.
 35934 | Snake:3  | Found Bophikk's Antique Weapon Shop.
 35952 | Snake:3  | Found Rawilext's Magic Scroll Emporium.
 35952 | Snake:3  | Found Qugauwn's General Store.
 35994 | Snake:3  | Found Wiozuoleusi's Antique Armour Shoppe.
 35998 | Snake:3  | Bought a pair of faintly glowing gloves for 408 gold pieces
 35998 | Snake:3  | Identified the -1 pair of gloves of the Yeti {rF+ rN+
                  | Slay+3 Stlth-} (You bought it in a shop on level 3 of the
                  | Snake Pit)
 36003 | Snake:3  | Found Zyor Jes's Distillery.
 36006 | Snake:3  | Bought a scroll of enchant weapon for 105 gold pieces
 36006 | Snake:3  | Bought a scroll of enchant weapon for 105 gold pieces
 36013 | Snake:3  | Bought a potion of cancellation for 160 gold pieces
 36013 | Snake:3  | Bought a potion of might for 80 gold pieces
 36013 | Snake:3  | Bought a potion of might for 80 gold pieces
 36013 | Snake:3  | Bought a potion of heal wounds for 100 gold pieces
 36022 | Snake:3  | Bought a +2 pair of boots of flying for 301 gold pieces
 36305 | Snake:3  | Upgraded the game from 0.31-a0-102-g33a4ccc0cb to
                  | 0.31-a0-108-gdf935468f2
 36910 | Snake:4  | Entered Level 4 of the Snake Pit
 38503 | Snake:4  | Received a gift from Trog
 42202 | Snake:4  | Reached skill level 21 in Axes
 42352 | Snake:4  | Noticed Mlioglotl
 42362 | Snake:4  | Killed Mlioglotl
 42363 | Snake:4  | Reached skill level 15 in Fighting
 42470 | Snake:4  | HP: 11/223 [naga/+0 trident (33)]
 42472 | Snake:4  | Slain by a naga

Illustrated notes

Levels and vault maps discovered:
D:1:      heliophobic_arrival_glass_houses, layout_rooms, serial_shops, shop,
          serial_bayou, serial_bayou_pond_e, serial_bayou_shore_a,
          serial_bayou_crossing, serial_bayou_pond_d, skrybe_limestone_x
D:2:      layout_basic, basic_altar, minmay_misc_feat_more_columns
D:3:      layout_loops_corners, uniq_ijyb, uniq_jessica
D:4:      layout_basic, mainiacjoe_overflow_paths, overflow_temple_1_default,
          enter_ossuary_3, minmay_fountain_box
D:5:      layout_rooms, overflow_temple_1_default, hangedman_decor_growths,
          minmay_fractal_squares_diagonal_5
D:6:      wad_crossroads, layout_loops_corners, minmay_temple_entry_offerings
D:7:      layout_basic, minmay_shop_grid_forest, kennysheep_small_spiral,
          hangedman_minor_gate_pass
D:8:      layout_basic, erik_lair_island, serial_shops, shop
D:9:      layout_loops_ring, overflow_temple_1_default
D:10:     layout_irregular_city, kennysheep_little_box, enter_bailey_6
D:11:     layout_rooms, david_orc_4, due_unseen_surprise
D:12:     layout_big_octagon, vehumet_statue
D:13:     layout_cave_pools, hangedman_vaults_entry_quadrant_bands, uniq_frances
D:14:     layout_basic, hangedman_decor_diamond_cutter
D:15:     hangedman_depths_entry_try_elsewhere_first, layout_basic, minivault_26
Lair:1:   layout_roguey
Lair:2:   layout_cave_pods, elwin_shoals_entry_rooms
Lair:3:   cheibrodos_magma_flow, layout_chaotic_city,
          guppyfry_snake_entry_island, nicolae_volcano_entry_vermiform,
          roderic_batcave
Lair:4:   layout_misc_corridors, slime_entry_1, small_statue_intersection,
          st_stairs_3, lemuel_old_faithful
Lair:5:   due_jungle_book, layout_regular_city, grunt_megastairs_5, uniq_nessos
Snake:1:  layout_misc_corridors
Snake:2:  layout_onion, gammafunk_ghost_abyssal_escape,
          nicolae_snake_linked_coils, guppyfry_library_mini
Snake:3:  layout_cave_town, serial_shops, shop, nicolae_elevator_lobby_asterisk,
          minmay_shoptagon, serial_bayou_shore_b
Snake:4:  grunt_snake_rune_serpentine_throne, layout_cave_town,
          grunt_ministairs_9, serial_bayou_shore_b, uniq_vashnia, uniq_mlioglotl

Skill      XL: |  1  2  3  4  5  6  7  8  9 10 11 12 13 14 15 16 |
---------------+-------------------------------------------------+-----
Axes           | 4 5 7 9 10 12 14 16 18 19 20 21 | 21.1
Stealth        | 1 2 3 4 5 6 7 |  7.8
Fighting       | 4 5 6 7 8 9 10 11 12 13 14 15 | 15.0
Maces & Flails | 2 3 |  3.3
Ranged Weapons | 1 4 6 8 11 15 17 18 | 18.0
Armour         | 4 8 11 12 | 12.7
Evocations     | 1 4 5 6 |  6.5
Dodging        | 3 5 7 8 |  8.7

Action                     |  1- 3 |  4- 6 |  7- 9 | 10-12 | 13-15 | 16-18 || total
---------------------------+-------+-------+-------+-------+-------+-------++-------
  Melee: Hand axe          |    76 |    46 |       |       |       |       ||   122
         Headbutt          |     9 |    24 |    20 |    20 |    72 |    18 ||   163
         Punch             |     1 |       |     1 |       |       |       ||     2
         Morningstar       |       |    93 |       |       |       |       ||    93
         War axe           |       |    10 |    55 |       |       |       ||    65
         Battleaxe         |       |       |    24 |   110 |   338 |    85 ||   557
         Executioner's axe |       |       |       |       |     1 |       ||     1
   Fire: Sling             |       |     9 |    32 |       |       |       ||    41
         Orcbow            |       |       |    27 |    85 |       |       ||   112
         Arbalest          |       |       |       |   152 |   499 |   214 ||   865
  Throw: Dart              |       |     1 |       |       |     9 |       ||    10
         Boomerang         |       |       |       |       |     7 |       ||     7
 Invoke: Berserk           |     1 |     4 |     1 |     3 |     8 |     1 ||    18
         Trog's Hand       |       |     3 |     2 |     9 |    16 |     2 ||    32
         Brothers in Arms  |       |       |       |       |     1 |       ||     1
  Evoke: Wand              |       |       |       |     1 |     7 |     4 ||    12
    Use: Scroll            |       |     3 |     3 |    20 |    19 |     2 ||    47
         Potion            |       |       |       |     2 |     4 |       ||     6
   Stab: Sleeping          |     1 |     2 |       |       |       |       ||     3
         Invisible         |       |       |       |       |     4 |       ||     4
 Armour: Animal skin       |     6 |       |       |       |       |       ||     6
         Scale mail        |    20 |     1 |       |       |       |       ||    21
         Ring mail         |       |    34 |    16 |    34 |     7 |       ||    91
         Plate armour      |       |       |       |     7 |   232 |    98 ||   337
         Chain mail        |       |       |       |       |     4 |       ||     4
  Dodge: Dodged            |    60 |   124 |    76 |   113 |   240 |    81 ||   694

Table legend: (Time is in decaauts)
 A = Elapsed time spent in this place.
 B = Non-inter-level travel time spent in this place.
 C = Inter-level travel time spent in this place.
 D = Time resting spent in this place.
 E = Time spent auto-exploring this place.
 F = Levels seen in this place.
 G = Mean time per level.
                   A        B        C        D        E       F      G
               +--------+--------+--------+--------+--------+-----+--------+
         Total |  42861 |  41756 |   1105 |  20068 |  16378 |  27 | 1587.4 |
       Dungeon |  19954 |  19329 |    625 |   7474 |   9339 |  15 | 1330.3 |
          Lair |   7148 |   6837 |    311 |   1509 |   4307 |   5 | 1429.6 |
     Snake Pit |  13905 |  13737 |    168 |  10083 |   2405 |   4 | 3476.2 |
       Ossuary |    482 |    482 |      0 |    232 |     83 |   1 |  482.0 |
        Bailey |    520 |    520 |      0 |    150 |    210 |   1 |  520.0 |
       Volcano |    850 |    850 |      0 |    618 |     34 |   1 |  850.0 |
               +--------+--------+--------+--------+--------+-----+--------+

Top non-repeatable levels by time:
 Snake:4: 5476 daAuts
    D:13: 4484 daAuts
 Snake:3: 3565 daAuts
 Snake:2: 2578 daAuts
  Lair:5: 2560 daAuts
 Snake:1: 2285 daAuts
    D:11: 2260 daAuts
  Lair:2: 1568 daAuts
  Lair:3: 1471 daAuts
     D:8: 1438 daAuts
     D:9: 1263 daAuts
     D:7: 1255 daAuts
    D:14: 1245 daAuts
    D:12: 1197 daAuts
    D:15: 1165 daAuts
